[Event "December 5 Early 2023"]
[Site "https://www.chess.com"]
[Date "2023.12.05"]
[Round "2"]
[White "Aswath, S"]
[Black "Henriquez Villagra, Cristobal"]
[Result "0-1"]
[Board "25"]
[TimeControl "180+1"]
[WhiteFideId "46694919"]
[BlackFideId "3409350"]
[WhiteElo "2606"]
[BlackElo "2958"]
[WhiteTeam "IND"]
[BlackTeam "CHI"]
[WhiteClock "0:00:00"]
[BlackClock "0:00:03"]

1. d4 Nf6 2. c4 e6 3. g3 c5 4. d5 exd5 5. cxd5 d6 6. Nc3 g6 7. Bg2 a6 8. a4 Bg7 9. Nf3 O-O 10. O-O Re8 11. Bf4 Ne4 12. Nxe4 Rxe4 13. Nd2 Rxf4 14. gxf4 Bxb2 15. Rb1 Bg7 16. Nc4 b5 17. axb5 axb5 18. Rxb5 Ba6 19. Ra5 Nd7 20. Qa4 Nb6 21. Nxb6 Qxb6 22. Be4 Bc3 23. Ra1 Bxa5 24. Qxa5 Qxa5 25. Rxa5 Bb7 26. Rb5 Bc8 27. Bd3 Bh3 28. f3 Kf8 29. Rb7 Ra4 30. Kf2 c4 31. Be4 c3 32. Rc7 Ra3 33. Bd3 Ke8 34. e4 Bd7 35. e5 Ba4 36. Kg3 Bd1 37. exd6 c2 38. Bxc2 Bxc2 39. Rxc2 Rd3 40. Rc8+ Kd7 41. Rc7+ Ke8 42. Rc8+ Kd7 43. Rf8 f5 44. Rf7+ Kxd6 45. Rxh7 Kxd5 46. Rg7 Ke6 47. Rxg6+ Kf7 48. Rb6 Rc3 49. h3 Kg7 50. Rd6 Kf7 51. h4 Kg7 52. h5 Kf7 53. h6 Rb3 54. Kh4 Rxf3 55. Kg5 Rf1 56. Rd7+ Kg8 57. Kg6 Rg1+ 58. Kf6 Kh8 59. Kxf5 Rc1 60. Kg6 Rc6+ 61. Kg5 Rc1 62. f5 Rg1+ 63. Kf6 Rh1 64. h7 Rh6+ 65. Kg5 Rg6+ 66. Kf4 Rg4+ 67. Ke5 Re4+ 68. Kf6 Re6+ 69. Kf7 Rf6+ 0-1

[Event "December 5 Early 2023"]
[Site "https://www.chess.com"]
[Date "2023.12.05"]
[Round "2"]
[White "Drygalov, Sergey"]
[Black "Bodnar, Nikolay"]
[Result "0-1"]
[Board "26"]
[TimeControl "180+1"]
[WhiteFideId "24171743"]
[BlackFideId "14106469"]
[WhiteElo "2958"]
[BlackElo "2606"]
[WhiteTeam "RUS"]
[BlackTeam "UKR"]
[WhiteClock "0:00:37"]
[BlackClock "0:00:32"]

1. d4 Nf6 2. c4 e6 3. Nf3 Bb4+ 4. Nbd2 d5 5. Qa4+ Nc6 6. e3 O-O 7. a3 Bd6 8. b4 a6 9. Qc2 Re8 10. Bb2 h6 11. Be2 dxc4 12. Nxc4 Bd7 13. O-O b5 14. Nce5 Bxe5 15. dxe5 Nd5 16. Rfd1 Qe7 17. Bf1 Red8 18. Rac1 Be8 19. Qe4 Nb6 20. Nd4 Nxd4 21. Bxd4 Nc4 22. Bd3 g6 23. Qf4 Qg5 24. Qxg5 hxg5 25. Bxc4 bxc4 26. Rxc4 Rac8 27. Rdc1 Bb5 28. Rxc7 Rxc7 29. Rxc7 g4 30. f3 gxf3 31. gxf3 g5 32. Kg2 Kg7 33. Kg3 Kg6 34. h3 Rh8 35. Rc1 Rd8 36. Rg1 Rh8 37. Bc5 Kf5 38. Bd6 Rc8 39. e4+ Kg6 40. h4 gxh4+ 41. Kxh4+ Kh6 42. Kg4 Rg8+ 43. Kf4 Rxg1 44. Ke3 Ra1 45. f4 Rxa3+ 46. Kd4 Rf3 47. f5 exf5 48. exf5 Rxf5 49. Ke4 Rh5 50. Kf4 Kg6 51. Ke4 Rh4+ 52. Kd5 Kf5 53. Kc5 Ke6 54. Kb6 Re4 55. Kc5 Rxe5+ 56. Bxe5 Kxe5 57. Kb6 f5 58. Ka5 f4 59. Kb6 f3 60. Ka5 f2 61. Kb6 f1=Q 62. Ka5 Qa1+ 63. Kb6 Kd5 64. Kc7 Qf6 65. Kb7 0-1

[Event "December 5 Early 2023"]
[Site "https://www.chess.com"]
[Date "2023.12.05"]
[Round "2"]
[White "Toman, Ondrej"]
[Black "Shimanov, Aleksandr"]
[Result "0-1"]
[Board "27"]
[TimeControl "180+1"]
[WhiteFideId "344516"]
[BlackFideId "4198603"]
[WhiteElo "2606"]
[BlackElo "2956"]
[WhiteTeam "CZE"]
[BlackTeam "RUS"]
[WhiteClock "0:00:00"]
[BlackClock "0:00:09"]

1. d4 Nf6 2. Bg5 Ne4 3. h4 c5 4. d5 Qb6 5. Nd2 Nxg5 6. hxg5 g6 7. Rb1 Bg7 8. c3 d6 9. e4 Nd7 10. f4 Qc7 11. Ngf3 Nb6 12. c4 e6 13. Bd3 O-O 14. Kf1 exd5 15. cxd5 f5 16. gxf6 Bxf6 17. g3 Bg4 18. Kg2 Rae8 19. Qg1 Qg7 20. Qh2 h5 21. b3 g5 22. Rhg1 Kh8 23. Kh1 Nxd5 24. exd5 Re3 25. Bc2 Rxf3 26. Bd1 Rd3 27. Bxg4 h4 28. Bf5 Rxd5 29. Be4 Rd4 30. gxh4 g4 31. Bf5 g3 32. Rxg3 Rxd2 33. Qh3 Qh6 34. Rg4 Rf2 35. Rbg1 Rxf4 36. Rxf4 Qxf4 37. Rg4 Qc1+ 38. Rg1 Qf4 39. Rg4 Qf2 40. Qd3 Bd4 41. Rg5 Qxh4+ 42. Qh3 Qxh3+ 43. Bxh3 Rg8 44. Rxg8+ Kxg8 45. Kg2 Kf7 46. Kf3 d5 47. Bc8 b6 48. Kf4 Ke7 49. Kf3 Kd6 50. Ke2 b5 51. Kd3 Be5 52. Ba6 c4+ 53. bxc4 bxc4+ 54. Kc2 Kc5 55. Bc8 d4 56. Bf5 d3+ 57. Kd2 Kd4 58. Bg4 c3+ 59. Kc1 c2 0-1

[Event "December 5 Early 2023"]
[Site "https://www.chess.com"]
[Date "2023.12.05"]
[Round "2"]
[White "Yilmaz, Mustafa"]
[Black "Ginzburg, Yakov"]
[Result "1-0"]
[Board "28"]
[TimeControl "180+1"]
[WhiteFideId "6302718"]
[BlackFideId "4157176"]
[WhiteElo "2943"]
[BlackElo "2605"]
[WhiteTeam "TUR"]
[BlackTeam "RUS"]
[WhiteClock "0:00:19"]
[BlackClock "0:00:03"]

1. Nf3 Nf6 2. b3 d6 3. d4 g6 4. g3 Bg7 5. Bg2 O-O 6. Bb2 Nbd7 7. O-O e5 8. c4 e4 9. Nfd2 e3 10. fxe3 Ng4 11. Rf3 Re8 12. Nf1 Bh6 13. e4 Ngf6 14. Nc3 c5 15. e3 Nxe4 16. Nxe4 Rxe4 17. Rxf7 Rxe3 18. dxc5 Kxf7 19. Nxe3 Bxe3+ 20. Kh1 Nf6 21. cxd6 Bf5 22. Bxb7 Kg8 23. Qf3 Rb8 24. Bd5+ Nxd5 25. Qxd5+ Kf8 26. Qe5 Qe8 27. Qg7# 1-0

[Event "December 5 Early 2023"]
[Site "https://www.chess.com"]
[Date "2023.12.05"]
[Round "2"]
[White "Martin Fuentes, Alberto"]
[Black "Khismatullin, Denis"]
[Result "1-0"]
[Board "29"]
[TimeControl "180+1"]
[WhiteFideId "2292289"]
[BlackFideId "4142578"]
[WhiteElo "2604"]
[BlackElo "2942"]
[WhiteTeam "ESP"]
[BlackTeam "RUS"]
[WhiteClock "0:00:53"]
[BlackClock "0:00:00"]

1. e4 c5 2. Nc3 e6 3. g3 Nc6 4. d3 g6 5. Bg2 Bg7 6. Be3 Nd4 7. Qd2 Qa5 8. Nge2 Nxe2 9. Kxe2 d6 10. f4 Ne7 11. Kf2 O-O 12. Rhf1 Nc6 13. Kg1 Bd7 14. Rf2 Rae8 15. Raf1 f5 16. a3 Kh8 17. Nd1 Qxd2 18. Bxd2 b5 19. Bc3 Nd4 20. Be1 Rb8 21. c3 Nc6 22. Ne3 a5 23. Bd2 b4 24. axb4 axb4 25. Nc4 bxc3 26. bxc3 Rb3 27. Rc1 fxe4 28. dxe4 e5 29. Nxd6 Rf6 30. Nc4 Be6 31. Nxe5 Nxe5 32. fxe5 Rxf2 33. Kxf2 Bxe5 34. Be3 Rb2+ 35. Kg1 Rb5 36. Bf1 Ra5 37. Bf4 c4 38. Bxe5+ Rxe5 39. Bg2 Kg7 40. Kf2 Ra5 41. Rc2 Kf6 42. Ke3 Ke5 43. Rb2 g5 44. Bf1 h5 45. Be2 h4 46. gxh4 gxh4 47. Rb4 Ra3 48. Rb5+ Kf6 49. Kd4 Ra2 50. Bxc4 Bxc4 51. Kxc4 Rxh2 52. Rh5 Kg6 53. Rh8 Kg7 54. Rh5 Kg6 55. Rh8 h3 56. Kd5 Kf7 57. Ke5 Rh1 58. c4 Ke7 59. Rh7+ Kd8 60. c5 h2 61. c6 Rc1 62. Rxh2 Rxc6 63. Rh7 Ke8 64. Rb7 Ra6 65. Rb5 Rh6 66. Rd5 Rg6 67. Rd6 Rg1 68. Ke6 Rg6+ 69. Kd5 Rg5+ 70. e5 Rg1 71. Ra6 Ke7 72. Ra7+ Ke8 73. Kd6 Re1 74. Ra8+ Kf7 75. Ra7+ Ke8 76. Ke6 Kf8 77. Ra8+ Kg7 78. Re8 Ra1 79. Rd8 Re1 80. Kd6 1-0

[Event "December 5 Early 2023"]
[Site "https://www.chess.com"]
[Date "2023.12.05"]
[Round "2"]
[White "Kamsky, Gata"]
[Black "Espinoza Villanueva, Rodrigo"]
[Result "1/2-1/2"]
[Board "30"]
[TimeControl "180+1"]
[WhiteFideId "2000024"]
[BlackFideId "5140188"]
[WhiteElo "2941"]
[BlackElo "2603"]
[WhiteTeam "USA"]
[BlackTeam "MEX"]
[WhiteClock "0:00:19"]
[BlackClock "0:00:12"]

1. d4 Nf6 2. Bf4 e6 3. e3 d5 4. Nf3 Bd6 5. Bg3 O-O 6. c4 Ne4 7. Nc3 Nxc3 8. bxc3 c6 9. Bd3 Bxg3 10. hxg3 h6 11. e4 dxe4 12. Bxe4 Nd7 13. Bc2 e5 14. Nxe5 Nxe5 15. dxe5 Qa5 16. Qd4 Rd8 17. Qe3 Be6 18. O-O Bxc4 19. Rfe1 Be6 20. a4 Rd7 21. Rad1 Rad8 22. Rxd7 Rxd7 23. Rb1 b6 24. Rb4 Rd5 25. Rd4 Qc5 26. Rxd5 Qxd5 27. f4 g6 28. Kh2 h5 29. f5 Bxf5 30. Bxf5 gxf5 31. Qg5+ Kf8 32. Qxf5 Qe6 33. Qxh5 b5 34. a5 c5 35. Qg5 b4 36. cxb4 cxb4 37. Qd8+ Kg7 38. Qg5+ Kf8 39. Qd8+ Kg7 40. Qg5+ Kf8 1/2-1/2

[Event "December 5 Early 2023"]
[Site "https://www.chess.com"]
[Date "2023.12.05"]
[Round "2"]
[White "Goldin, Alexander"]
[Black "Grigoriants, Sergey"]
[Result "0-1"]
[Board "31"]
[TimeControl "180+1"]
[WhiteFideId "2019540"]
[BlackFideId "4130804"]
[WhiteElo "2602"]
[BlackElo "2940"]
[WhiteTeam "USA"]
[BlackTeam "HUN"]
[WhiteClock "0:00:05"]
[BlackClock "0:00:06"]

1. d4 Nf6 2. c4 g6 3. g3 c5 4. Nf3 Qa5+ 5. Nc3 Ne4 6. Bd2 Nxd2 7. Qxd2 Bg7 8. Bg2 cxd4 9. Nxd4 Nc6 10. e3 Qc5 11. Ndb5 O-O 12. Rc1 a6 13. Na3 Qh5 14. O-O d6 15. Nd5 Bg4 16. b4 Kh8 17. h3 Bd7 18. Nb6 Rad8 19. g4 Qh4 20. f4 f5 21. g5 h6 22. gxh6 Qxh6 23. Nc2 Be6 24. Nd5 Rf7 25. b5 Nb8 26. Nd4 Bc8 27. Nb6 e5 28. Nf3 e4 29. Ng5 Rff8 30. Qd5 Nd7 31. Nxc8 Rxc8 32. Nf7+ Rxf7 33. Qxf7 Nc5 34. Qd5 Rd8 35. bxa6 bxa6 36. Rb1 Bf6 37. Rfd1 Qh4 38. Qc6 Qg3 39. Kh1 Qxe3 40. Rxd6 Rxd6 41. Qxd6 Bg7 42. Rb8+ Kh7 43. Qd1 Nd3 44. Rb7 Qxf4 45. Qe2 Kh6 46. Rb1 Be5 47. Kg1 Bd4+ 48. Kh1 Be5 49. Kg1 Qh2+ 50. Kf1 Bd4 51. Bxe4 Qg1# 0-1

[Event "December 5 Early 2023"]
[Site "https://www.chess.com"]
[Date "2023.12.05"]
[Round "2"]
[White "Svane, Rasmus"]
[Black "Roebers, Eline"]
[Result "1-0"]
[Board "32"]
[TimeControl "180+1"]
[WhiteFideId "4657101"]
[BlackFideId "1058401"]
[WhiteElo "2931"]
[BlackElo "2601"]
[WhiteTeam "GER"]
[BlackTeam "NED"]
[WhiteClock "0:01:13"]
[BlackClock "0:01:07"]

1. Nf3 f5 2. d3 Nf6 3. e4 d6 4. Nc3 e5 5. exf5 Bxf5 6. d4 e4 7. Nh4 Bg4 8. Be2 Bxe2 9. Qxe2 d5 10. Bg5 c6 11. f3 Be7 12. fxe4 dxe4 13. Nf5 O-O 14. O-O-O Nbd7 15. Nxe4 Re8 16. Qc4+ Kh8 17. Ned6 Bxd6 18. Nxd6 Rf8 19. Nf7+ Rxf7 20. Qxf7 Qa5 21. Bxf6 Nxf6 22. Rhe1 1-0

[Event "December 5 Early 2023"]
[Site "https://www.chess.com"]
[Date "2023.12.05"]
[Round "2"]
[White "Jaiveer Mahendru"]
[Black "Maksimovic, Bojan"]
[Result "0-1"]
[Board "33"]
[TimeControl "180+1"]
[WhiteFideId "25611151"]
[BlackFideId "14408120"]
[WhiteElo "2600"]
[BlackElo "2926"]
[WhiteTeam "IND"]
[BlackTeam "BIH"]
[WhiteClock "0:00:07"]
[BlackClock "0:00:14"]

1. e4 a6 2. d4 e6 3. f4 d5 4. e5 c5 5. Nf3 Bd7 6. Be3 cxd4 7. Nxd4 Nc6 8. Be2 Nh6 9. O-O Qb6 10. b3 Nxd4 11. Bxd4 Bc5 12. Bxc5 Qxc5+ 13. Kh1 Rc8 14. c4 Nf5 15. Qd2 Bc6 16. cxd5 Qxd5 17. Bf3 Qxd2 18. Nxd2 Ke7 19. Rac1 Bxf3 20. Nxf3 Rhd8 21. Kg1 Ne3 22. Rfe1 Nc2 23. Red1 Rxd1+ 24. Rxd1 Nb4 25. Rd2 Nd5 26. g3 Rc1+ 27. Kf2 g6 28. Ng5 Nc3 29. Kg2 h6 30. Nh7 Ra1 31. Nf6 Rxa2 32. Rxa2 Nxa2 33. Kf3 Nc1 34. b4 Nd3 35. b5 axb5 36. Ke4 Nf2+ 37. Ke3 Nd1+ 38. Kd2 Nb2 39. Kc3 Nc4 40. Kb4 h5 41. Kxb5 Ne3 42. Kb6 Nd5+ 43. Nxd5+ exd5 44. Kc5 Ke6 45. h3 g5 46. h4 gxf4 47. gxf4 Kf5 48. Kxd5 Kxf4 49. e6 fxe6+ 50. Kxe6 b5 51. Kd5 Kg4 52. Kc5 Kxh4 53. Kxb5 Kg3 54. Kc4 h4 55. Kd3 h3 56. Ke3 h2 57. Ke2 h1=Q 58. Ke3 Qf3+ 59. Kd4 Qe2 0-1

[Event "December 5 Early 2023"]
[Site "https://www.chess.com"]
[Date "2023.12.05"]
[Round "2"]
[White "Kim, Sergey"]
[Black "Rasulov, Vugar"]
[Result "0-1"]
[Board "34"]
[TimeControl "180+1"]
[WhiteFideId "13700570"]
[BlackFideId "13402390"]
[WhiteElo "2600"]
[BlackElo "2918"]
[WhiteTeam "KAZ"]
[BlackTeam "AZE"]
[WhiteClock "0:00:26"]
[BlackClock "0:00:55"]

1. d4 Nf6 2. c4 g6 3. Nc3 d5 4. cxd5 Nxd5 5. e4 Nxc3 6. bxc3 Bg7 7. Bc4 c5 8. Ne2 Nc6 9. Be3 cxd4 10. cxd4 b5 11. Bb3 Bb7 12. O-O O-O 13. Qd2 Na5 14. Ng3 Rc8 15. Rad1 Nc4 16. Bxc4 Rxc4 17. d5 Re8 18. Bxa7 Qa8 19. Be3 Ra4 20. Bh6 Rxa2 21. Qg5 Bf6 22. Qg4 Bc8 23. Qf4 b4 24. e5 Bh8 25. d6 Bb7 26. d7 Rd8 27. f3 Qa5 28. Rfe1 b3 29. Nf5 Qc5+ 30. Kh1 Ra6 31. Qg5 Re6 32. Nd6 Rxd7 33. Nxb7 Qxe5 34. Qxe5 Rxe5 35. Rf1 Red5 36. Rb1 Rxb7 37. h4 f5 38. h5 Bf6 39. g4 b2 40. Kg2 Rc5 41. Kg3 Be5+ 42. Bf4 Bxf4+ 43. Kxf4 Rc4+ 44. Kg5 fxg4 45. fxg4 Rb5+ 46. Kh6 Rxg4 47. Rh1 gxh5 48. Rxh5 Rg6# 0-1

[Event "December 5 Early 2023"]
[Site "https://www.chess.com"]
[Date "2023.12.05"]
[Round "2"]
[White "Kovalenko, Igor"]
[Black "Yezhel, Valiantsin"]
[Result "1-0"]
[Board "35"]
[TimeControl "180+1"]
[WhiteFideId "14117908"]
[BlackFideId "13504983"]
[WhiteElo "2917"]
[BlackElo "2599"]
[WhiteTeam "UKR"]
[BlackTeam "FID"]
[WhiteClock "0:01:42"]
[BlackClock "0:00:32"]

1. c4 Nf6 2. Nc3 e6 3. e4 d5 4. cxd5 exd5 5. e5 Nfd7 6. d4 c6 7. f4 Be7 8. Nf3 b5 9. Bd3 Nb6 10. O-O Bg4 11. h3 Bxf3 12. Qxf3 Na6 13. Kh1 Nb4 14. Bb1 a5 15. a3 Na6 16. f5 f6 17. Qg3 Rg8 18. Bd3 Qd7 19. Bf4 O-O-O 20. e6 Qe8 21. a4 Nc4 22. axb5 cxb5 23. b3 Nb4 24. bxc4 bxc4 25. Be2 Nc6 26. Bc7 Bd6 27. Bxd6 Nxd4 28. Rxa5 Qc6 29. Rc5 Rxd6 30. Qxd6 1-0

[Event "December 5 Early 2023"]
[Site "https://www.chess.com"]
[Date "2023.12.05"]
[Round "2"]
[White "Stoleriu, George"]
[Black "Vokhidov, Shamsiddin"]
[Result "0-1"]
[Board "36"]
[TimeControl "180+1"]
[WhiteFideId "1227505"]
[BlackFideId "14204223"]
[WhiteElo "2597"]
[BlackElo "2916"]
[WhiteTeam "ROU"]
[BlackTeam "UZB"]
[WhiteClock "0:00:31"]
[BlackClock "0:02:16"]

1. e4 c5 2. Nc3 Nc6 3. Bb5 Nd4 4. Bc4 a6 5. d3 b5 6. Bd5 Rb8 7. Nge2 e6 8. Bb3 Nxb3 9. axb3 Bb7 10. O-O d6 11. f4 Nf6 12. f5 Be7 13. Bg5 O-O 14. Bxf6 Bxf6 15. fxe6 fxe6 16. Nf4 Qe7 17. Qg4 Rbe8 18. Nh5 Be5 19. Ng3 g6 20. h4 b4 21. Na4 Kg7 22. h5 Rxf1+ 23. Rxf1 Rf8 24. Rxf8 Qxf8 25. hxg6 hxg6 26. Qg5 Bd4+ 0-1

[Event "December 5 Early 2023"]
[Site "https://www.chess.com"]
[Date "2023.12.05"]
[Round "2"]
[White "Demchenko, Anton"]
[Black "Skatchkov, Valery"]
[Result "1-0"]
[Board "37"]
[TimeControl "180+1"]
[WhiteFideId "4160258"]
[BlackFideId "24195812"]
[WhiteElo "2912"]
[BlackElo "2596"]
[WhiteTeam "SLO"]
[BlackTeam "RUS"]
[WhiteClock "0:00:32"]
[BlackClock "0:00:05"]

1. e4 e5 2. Nf3 Nf6 3. Nxe5 d6 4. Nf3 Nxe4 5. Qe2 Qe7 6. d3 Nf6 7. Bg5 Qxe2+ 8. Bxe2 Be7 9. Nc3 c6 10. O-O-O Na6 11. Rde1 Nc7 12. Bd1 Ne6 13. Bd2 b5 14. Ne2 a5 15. Ned4 Nxd4 16. Nxd4 Bd7 17. Bf3 Ra6 18. Re2 Kd8 19. Rhe1 Re8 20. c4 bxc4 21. dxc4 Bf8 22. Rxe8+ Nxe8 23. a4 Kc7 24. Bf4 Kb6 25. Nb5 d5 26. Be3+ Bc5 27. Na3 d4 28. Bf4 Be6 29. Nc2 Nd6 30. b3 Nb7 31. Rd1 Bf5 32. Nxd4 Ba3+ 33. Kd2 Bg6 34. Nxc6 Kc5 35. Kc3 Rxc6 36. Be3# 1-0

[Event "December 5 Early 2023"]
[Site "https://www.chess.com"]
[Date "2023.12.05"]
[Round "2"]
[White "Avramidou, Anastasia"]
[Black "Kovalev, Vladislav"]
[Result "0-1"]
[Board "38"]
[TimeControl "180+1"]
[WhiteFideId "4239873"]
[BlackFideId "13504398"]
[WhiteElo "2594"]
[BlackElo "2909"]
[WhiteTeam "GRE"]
[BlackTeam "FID"]
[WhiteClock "0:00:16"]
[BlackClock "0:01:44"]

1. Nf3 Nf6 2. c4 e6 3. Nc3 d5 4. d4 dxc4 5. e3 a6 6. Bxc4 b5 7. Bd3 Bb7 8. O-O Nbd7 9. Re1 c5 10. a3 Qb6 11. Qe2 Be7 12. h3 O-O 13. Bd2 Rfd8 14. Rad1 Rac8 15. Bc1 cxd4 16. exd4 Bxa3 17. Nxb5 Bb4 18. Nc3 Bxc3 19. bxc3 Rxc3 20. Bg5 h6 21. Bh4 Rdc8 22. Rb1 Qc6 23. Rxb7 Qxb7 24. Bxa6 Qd5 25. Bxc8 Rxc8 26. Bxf6 Nxf6 27. Qe5 Qa2 28. Re2 Rc2 29. Rxc2 Qxc2 30. g3 Ne4 0-1

[Event "December 5 Early 2023"]
[Site "https://www.chess.com"]
[Date "2023.12.05"]
[Round "2"]
[White "Rakhmanov, Aleksandr"]
[Black "Aaditya Dhingra"]
[Result "1-0"]
[Board "39"]
[TimeControl "180+1"]
[WhiteFideId "4173708"]
[BlackFideId "25678191"]
[WhiteElo "2908"]
[BlackElo "2591"]
[WhiteTeam "FID"]
[BlackTeam "IND"]
[WhiteClock "0:00:06"]
[BlackClock "0:00:20"]

1. d4 g6 2. Nf3 Bg7 3. g3 b6 4. Bg2 Bb7 5. c4 d6 6. O-O Nd7 7. Nc3 e6 8. e4 Ne7 9. h4 Nf6 10. Re1 O-O 11. Qe2 Nc6 12. e5 dxe5 13. dxe5 Nd7 14. Bg5 Qc8 15. Rad1 Ncxe5 16. Nxe5 Nxe5 17. Ne4 f5 18. Nf6+ Bxf6 19. Bxf6 Nf3+ 20. Bxf3 Bxf3 21. Qxf3 Rxf6 22. Qc6 f4 23. Rd7 fxg3 24. Rxe6 gxf2+ 25. Kf1 Rf5 26. Ree7 Qxd7 27. Qxa8+ Rf8 28. Qxf8+ Kxf8 29. Rxd7 1-0

[Event "December 5 Early 2023"]
[Site "https://www.chess.com"]
[Date "2023.12.05"]
[Round "2"]
[White "Morgunov, Marc"]
[Black "Vasquez Schroeder, Rodrigo"]
[Result "0-1"]
[Board "40"]
[TimeControl "180+1"]
[WhiteFideId "1640305"]
[BlackFideId "3400042"]
[WhiteElo "2590"]
[BlackElo "2907"]
[WhiteTeam "AUT"]
[BlackTeam "CHI"]
[WhiteClock "0:01:49"]
[BlackClock "0:02:26"]

1. e4 c5 2. Nf3 d6 3. d4 cxd4 4. Nxd4 Nf6 5. Nc3 a6 6. Be2 e6 7. f4 Qc7 8. Be3 b5 9. Bf3 Bb7 10. a3 Nbd7 11. Nb3 Be7 12. g4 Nc5 13. Nxc5 dxc5 14. e5 Rd8 15. Qe2 Nxg4 16. Rg1 Bh4+ 17. Kf1 Bxf3 0-1

[Event "December 5 Early 2023"]
[Site "https://www.chess.com"]
[Date "2023.12.05"]
[Round "2"]
[White "Zhigalko, Sergei"]
[Black "Vakhidov, Shahzod"]
[Result "1-0"]
[Board "41"]
[TimeControl "180+1"]
[WhiteFideId "13502956"]
[BlackFideId "14205270"]
[WhiteElo "2907"]
[BlackElo "2587"]
[WhiteTeam "BLR"]
[BlackTeam "UZB"]
[WhiteClock "0:00:11"]
[BlackClock "0:00:01"]

1. e4 c5 2. Nf3 g6 3. c3 d5 4. exd5 Qxd5 5. d4 Bg7 6. Na3 cxd4 7. Bc4 Qe4+ 8. Be3 Nh6 9. Nb5 O-O 10. cxd4 Nc6 11. Nc3 Qf5 12. O-O Ng4 13. h3 Nxe3 14. fxe3 Qa5 15. Qe2 Bf5 16. Ng5 Bd3 17. Qxd3 Qxg5 18. Ne4 Qh6 19. Bxf7+ Rxf7 20. Rxf7 Kxf7 21. Qb3+ Ke8 22. Kh1 Nd8 23. Rf1 g5 24. Qg8+ Kd7 25. Nc5+ Kd6 26. Qe8 Kc7 27. Qxe7+ Kb6 28. Nd7+ Kb5 29. Rf5+ Ka6 30. Qa3# 1-0

[Event "December 5 Early 2023"]
[Site "https://www.chess.com"]
[Date "2023.12.05"]
[Round "2"]
[White "Baskakov, Egor"]
[Black "Navarrete Mendez, Gonzalo Alberto"]
[Result "1-0"]
[Board "42"]
[TimeControl "180+1"]
[WhiteFideId "24197866"]
[BlackFideId "5106850"]
[WhiteElo "2900"]
[BlackElo "2587"]
[WhiteTeam "RUS"]
[BlackTeam "MEX"]
[WhiteClock "0:00:42"]
[BlackClock "0:00:01"]

1. e4 e5 2. Nc3 Nf6 3. g3 Bc5 4. Bg2 Nc6 5. h3 d6 6. Nge2 Be6 7. Nd5 O-O 8. O-O Bxd5 9. exd5 Nd4 10. c4 Nd7 11. d3 f5 12. Nxd4 Bxd4 13. Be3 Bb6 14. Qd2 Qf6 15. Bxb6 axb6 16. f4 exf4 17. Rxf4 g5 18. Rf2 h6 19. a3 Qd4 20. Rf1 Ne5 21. Kh2 Qxd3 22. Qc1 f4 23. gxf4 g4 24. Rd2 Qe3 25. Qe1 Qxe1 26. Rxe1 Nf3+ 27. Bxf3 gxf3 28. Kg3 Rf7 29. Kxf3 Raf8 30. Re4 Kh7 31. Rde2 Rg8 32. Re7 Rgg7 33. Rxf7 Rxf7 34. Re6 Rg7 35. f5 Rg1 36. Re7+ Rg7 37. f6 1-0

[Event "December 5 Early 2023"]
[Site "https://www.chess.com"]
[Date "2023.12.05"]
[Round "2"]
[White "Narva, Mai"]
[Black "Harutjunyan, Gevorg"]
[Result "0-1"]
[Board "43"]
[TimeControl "180+1"]
[WhiteFideId "4500512"]
[BlackFideId "13300873"]
[WhiteElo "2586"]
[BlackElo "2884"]
[WhiteTeam "EST"]
[BlackTeam "ARM"]
[WhiteClock "0:00:02"]
[BlackClock "0:00:10"]

1. e4 c6 2. Nc3 d5 3. Nf3 Bg4 4. h3 Bxf3 5. Qxf3 e6 6. d4 Nf6 7. Be2 dxe4 8. Qe3 Bb4 9. O-O Nd5 10. Qg3 Bxc3 11. bxc3 O-O 12. c4 Ne7 13. Qe5 Nf5 14. Bb2 Qh4 15. g4 Ne7 16. d5 Qf6 17. Qxf6 gxf6 18. Bxf6 Ng6 19. d6 Nd7 20. Bg5 f6 21. Be3 f5 22. Bg5 Kg7 23. gxf5 exf5 24. Bh5 Nge5 25. Kh1 Rg8 26. Rg1 h6 27. Bf4+ Kh7 28. c5 Raf8 29. Rad1 Ng6 30. Bc1 Nge5 31. Bb2 Rg5 32. Be2 Rfg8 33. Bc1 Rxg1+ 34. Rxg1 Rxg1+ 35. Kxg1 Nxc5 36. Bh5 Ncd7 37. Bf4 Kg7 38. Be8 Kf6 39. h4 Nc5 40. Bxe5+ Kxe5 41. d7 Ne6 42. Bf7 Nd8 43. Bg6 Kf6 44. h5 Ne6 45. Kf1 c5 46. Ke2 b5 47. Kd2 b4 48. Ke3 a5 49. f3 exf3 50. Kxf3 Ke5 51. Ke3 f4+ 52. Kf3 Nd8 53. Kg4 c4 54. Kf3 a4 55. Ke2 Kd6 56. Bf5 Nc6 57. Kf3 Ke5 58. Bg4 b3 59. cxb3 cxb3 60. axb3 a3 61. d8=Q Nxd8 0-1

[Event "December 5 Early 2023"]
[Site "https://www.chess.com"]
[Date "2023.12.05"]
[Round "2"]
[White "Neiksans, Arturs"]
[Black "Kononenko, Dmitry"]
[Result "1-0"]
[Board "44"]
[TimeControl "180+1"]
[WhiteFideId "11601388"]
[BlackFideId "14113538"]
[WhiteElo "2884"]
[BlackElo "2584"]
[WhiteTeam "LAT"]
[BlackTeam "UKR"]
[WhiteClock "0:00:18"]
[BlackClock "0:00:00"]

1. Nf3 c5 2. e4 g6 3. d4 cxd4 4. Nxd4 Bg7 5. c4 Nc6 6. Be3 Nf6 7. Nc3 O-O 8. Be2 d6 9. O-O Ng4 10. Bxg4 Bxg4 11. f3 Bd7 12. Rc1 Rc8 13. b3 Re8 14. Qd2 Qa5 15. Kh1 a6 16. Nxc6 Bxc6 17. Bd4 Bxd4 18. Qxd4 b5 19. f4 bxc4 20. bxc4 Qc5 21. Qd3 Ba8 22. Nd5 Bxd5 23. exd5 e6 24. dxe6 Rxe6 25. f5 Re3 26. Qd2 Qe5 27. fxg6 hxg6 28. Qf2 Qe6 29. h3 Re4 30. Qa7 Rexc4 31. Rce1 Re4 32. Rxe4 Qxe4 33. Qxf7+ Kh8 34. Qf6+ Kg8 35. Qxd6 Re8 36. Qxa6 Qe6 37. Qxe6+ Rxe6 38. Ra1 Ra6 39. a4 Ra5 40. Kh2 Kf7 41. Kg3 Ke6 42. Kg4 Kf6 43. h4 Ke6 44. g3 Kf6 45. Kf4 Ke6 46. Ke4 Kd6 47. g4 Ke6 48. Kd4 Kd6 49. Kc4 Kc6 50. Kb4 Re5 51. Rc1+ Kb6 52. Rc4 Re1 53. a5+ Kb7 54. g5 Rb1+ 55. Kc5 Ra1 56. Kd6 Rxa5 57. Ke6 Rf5 58. Rc1 Kb6 59. Rc8 Rf4 60. Rg8 Rxh4 61. Rxg6 Kc7 62. Rf6 Re4+ 63. Kf7 Kd7 64. Rf1 Re7+ 65. Kg8 Re8+ 66. Kg7 1-0

[Event "December 5 Early 2023"]
[Site "https://www.chess.com"]
[Date "2023.12.05"]
[Round "2"]
[White "Shubenkova, Veronika"]
[Black "Gokerkan, Cem Kaan"]
[Result "1-0"]
[Board "45"]
[TimeControl "180+1"]
[WhiteFideId "44124040"]
[BlackFideId "6336760"]
[WhiteElo "2582"]
[BlackElo "2882"]
[WhiteTeam "RUS"]
[BlackTeam "TUR"]
[WhiteClock "0:01:54"]
[BlackClock "0:00:39"]

1. e4 c5 2. Nc3 d6 3. g3 g6 4. Bg2 Bg7 5. d3 Nc6 6. f4 Rb8 7. Nf3 b5 8. O-O b4 9. Ne2 e6 10. Rb1 Nge7 11. Be3 O-O 12. h3 a5 13. Kh2 a4 14. Qd2 Ba6 15. Rf2 Qd7 16. b3 axb3 17. axb3 Bb7 18. Rg1 Ra8 19. g4 f5 20. gxf5 exf5 21. Nh4 Bf6 22. Nf3 Ra2 23. h4 Kh8 24. Bh3 Na5 25. h5 Nxb3 26. Qd1 Ra1 27. Nc1 Nxc1 28. Bxc1 Qc6 29. hxg6 fxe4 30. Ng5 Nxg6 31. Qh5 Rxc1 32. Qxh7# 1-0

[Event "December 5 Early 2023"]
[Site "https://www.chess.com"]
[Date "2023.12.05"]
[Round "2"]
[White "Bardyk, Artem"]
[Black "Glidzhain, Gor"]
[Result "1-0"]
[Board "46"]
[TimeControl "180+1"]
[WhiteFideId "34349979"]
[BlackFideId "24109932"]
[WhiteElo "2877"]
[BlackElo "2581"]
[WhiteTeam "RUS"]
[BlackTeam "RUS"]
[WhiteClock "0:00:22"]
[BlackClock "0:00:00"]

1. e4 c5 2. c3 e6 3. Nf3 d5 4. exd5 exd5 5. d4 cxd4 6. Nxd4 Nf6 7. Bb5+ Bd7 8. O-O Be7 9. Re1 O-O 10. Nd2 Nc6 11. N2f3 h6 12. h3 Bd6 13. Be3 Re8 14. Nxc6 bxc6 15. Bd3 Ne4 16. Bxe4 Rxe4 17. Qd2 Qf6 18. Nd4 Rae8 19. Nb3 Qg6 20. f3 Rh4 21. Bc5 Rxe1+ 22. Rxe1 Bf4 23. Be3 Bg3 24. Bf2 Bxh3 25. Bxg3 Qxg3 26. Qf2 Qxf2+ 27. Kxf2 Be6 28. Nd4 c5 29. Nxe6 fxe6 30. Rxe6 Ra4 31. a3 d4 32. cxd4 cxd4 33. Rd6 Kf7 34. Ke2 Ke7 35. Rg6 Kf7 36. Rc6 Ra5 37. Kd3 Rb5 38. b4 a5 39. Kc4 Rb8 40. bxa5 Rd8 41. Kd3 Rd5 42. a6 Ra5 43. Kxd4 Rxa3 44. Kc5 Rc3+ 45. Kb6 Rb3+ 46. Kc7 Ra3 47. Kb7 1-0